 Dungeon Crawl Stone Soup version 0.31-a0-949-g57150269e1 (webtiles) character file.

Game seed: 1447342698545043818

240 Bahuunn the Digger (level 6, 0/41 HPs)
             Began as a Formicid Earth Elementalist on Oct 22, 2023.
             Slain by an orc
             ... wielding a +0 dagger
              (3 damage)
             ... on level 4 of the Dungeon.
             The game lasted 00:05:04 (2120 turns).

Bahuunn the Digger (Formicid Earth Elementalist)    Turns: 2120, Time: 00:05:04

Health: 0/41       AC:  5    Str: 13    XL:     6   Next: 30%
Magic:  1/11       EV: 12    Int: 16    God:
Gold:   167        SH:  0    Dex: 14    Spells: 11/12 levels left

rFire   . . .        (no weapon)
rCold   . . .        (no shield)
rNeg    . . .        a - +0 robe
rPois   .            (helmet unavailable)
rElec   .            (no cloak)
rCorr   .            i - +2 pair of gloves
SInv    +            (no boots)
Will    .....        (no amulet)
Stlth   ++           (no ring)
HPRegen 0.26/turn    (no ring)
MPRegen 0.12/turn

%: no passive effects
@: very slightly contaminated
A: permanent stasis, dig shafts and tunnels, antennae 3, four strong arms
a: Dig, Shaft Self


You were on level 4 of the Dungeon.
You visited 1 branch of the dungeon, and saw 4 of its levels.

You collected 167 gold pieces.

Inventory:

Hand Weapons
 n - a +1 antimagic dagger
Armour
 a - a +0 robe (worn)
 i - a +2 pair of gloves (worn)
Talismans
 m - a dragon-blood talisman
Scrolls
 c - a scroll of amnesia {unknown}
 d - a scroll of blinking {unknown}
 g - 3 scrolls of fear {unknown}
 h - a scroll of teleportation {unknown}
 j - a scroll of silence {unknown}
 k - a scroll of identify {unknown}
 l - a scroll of revelation {unknown}
Potions
 b - a potion of magic
 e - 2 potions of lignification {unknown}
 f - a potion of heal wounds {unknown}


   Skills:
 + Level 0.1 Fighting
 + Level 2.2 Dodging
 - Level 2.4 Stealth
 + Level 3.9 Spellcasting
 * Level 3.3 Transmutations
 + Level 5.4 Earth Magic


You had 11 spell levels left.
You knew the following spells:

 Your Spells              Type           Power      Damage    Failure   Level
a - Sandblast             Erth           40%        2d10      1%          1

Your spell library contained the following spells:

 Spells                   Type           Power      Damage    Failure   Level
 Passwall                 Tmut/Erth      14%        N/A       4%          2
 Stone Arrow              Conj/Erth      22%        3d8       17%         3
 Petrify                  Tmut/Erth      17%        N/A       28%         4
 Brom's Barrelling Bould  Conj/Erth      11%        2d3       50%         4


Dungeon Overview and Level Annotations

Branches:
Dungeon (3/15)

Altars:
Gozag

Shops:
D:2 [

Annotations:
D:3 Robin


Innate Abilities, Weirdness & Mutations

You cannot be hasted, slowed, berserked, paralysed or teleported.
You can dig through walls and to a lower floor.
You have a pair of large antennae on your head. (SInv)
Your four strong arms can wield two-handed weapons with a shield.


Message History

The orc hits you but does no damage.
Aiming: Sandblast (safe; 1% risk of failure)
Press: ? - help, Q - select action, (/) - cycle Shift-Dir - straight line, f - orc
Aim: an orc, wielding a +0 dagger and wearing a +0 leather armour (83% to hit)
The blast of sand hits the orc but does no damage.
The orc hits you with a +0 whip. The orc hits you but does no damage.
Aiming: Sandblast (safe; 1% risk of failure)
Press: ? - help, Q - select action, (/) - cycle Shift-Dir - straight line, f/p - orc
Aim: an orc, wielding a +0 dagger and wearing a +0 leather armour (83% to hit)
The blast of sand hits the orc.
The orc is heavily wounded.
The orc hits you with a +0 whip.
* * * LOW HITPOINT WARNING * * *
The orc closely misses you. The orc hits you with a +0 whip.
* * * LOW HITPOINT WARNING * * *
The orc hits you with a +0 dagger.
* * * LOW HITPOINT WARNING * * *
Aiming: Sandblast (safe; 1% risk of failure)
Press: ? - help, Q - select action, (/) - cycle Shift-Dir - straight line, f/p - orc
Aim: an orc, wielding a +0 dagger and wearing a +0 leather armour (heavily wounded, 83% to hit)
The blast of sand hits the orc but does no damage.
The orc is heavily wounded.
The orc misses you. The orc hits you with a +0 dagger.
* * * LOW HITPOINT WARNING * * *
Aiming: Sandblast (safe; 1% risk of failure)
Press: ? - help, Q - select action, (/) - cycle Shift-Dir - straight line, f/p - orc
Aim: an orc, wielding a +0 dagger and wearing a +0 leather armour (heavily wounded, 83% to hit)
The blast of sand misses the orc.
The orc misses you. The orc hits you with a +0 dagger.
* * * LOW HITPOINT WARNING * * *
The orc completely misses you. The orc hits you with a +0 dagger.
* * * LOW HITPOINT WARNING * * *
Aiming: Sandblast (safe; 1% risk of failure)
Press: ? - help, Q - select action, (/) - cycle Shift-Dir - straight line, f/p - orc
Aim: an orc, wielding a +0 dagger and wearing a +0 leather armour (heavily wounded, 83% to hit)
You miscast Sandblast.
You are very lightly contaminated with residual magic.
Nothing appears to happen.
The orc closely misses you. The orc hits you with a +0 dagger.
You die...

#+#...#+# ##.....#.#
###.......###
#........
#...........#
####.....
#.........######......
+.........+..##..#...#
#.......###....##...#
#.......##...####...#
####o####..### #...#
,,,,#..o@.....## #...#
.....)).#########
#...# ##.#..### ##.##
..... #...# ...#.
#...# .. #. #8_8# . .
##### ..


You could see 2 orcs.

Vanquished Creatures
  A scorpion (D:4)
  2 orc wizards (D:4)
  4 gnolls
  2 adders
  2 dart slugs
  An orc (D:4)
  6 bats
  7 endoplasms
  3 giant cockroaches (D:2)
  11 goblins
  2 hobgoblins
  9 jackals
  2 quokkas
  5 ball pythons
  3 frilled lizards
  4 kobolds
  4 rats
68 creatures vanquished.

Notes
Turn   | Place    | Note
-------+----------+-------------------------------------------
     0 | D:1      | Bahuunn the Formicid Earth Elementalist began the quest for
                  | the Orb.
     0 | D:1      | Reached XP level 1. HP: 13/13 MP: 3/3
   153 | D:1      | Reached XP level 2. HP: 19/19 MP: 3/5
   432 | D:1      | Reached skill level 4 in Earth Magic
   614 | D:2      | Identified the of Zakhloif
   722 | D:2      | Reached XP level 3. HP: 23/24 MP: 3/6
   851 | D:2      | Found Hyentin's Armour Shoppe.
  1337 | D:2      | Reached XP level 4. HP: 30/30 MP: 5/7
  1389 | D:2      | Found a faded altar of an unknown god.
  1614 | D:3      | Reached XP level 5. HP: 35/35 MP: 6/9
  1745 | D:3      | Reached skill level 5 in Earth Magic
  1787 | D:3      | Noticed Robin
  1852 | D:3      | You fall into a shaft and drop 1 floor!
  1889 | D:4      | Found an opulent altar of Gozag.
  1958 | D:4      | Reached XP level 6. HP: 15/41 MP: 5/11
  2120 | D:4      | Slain by an orc

Illustrated notes

Levels and vault maps discovered:
D:1:      dpeg_arrival_arbitrary_c, layout_rooms, minmay_misc_feat_plants
D:2:      layout_loops_cross, serial_shops, nicolae_shop_pleasant_corner_grove,
          shapermc_ecumenical_altar_rom_forum, minmay_gold_behind_fungi
D:3:      layout_rooms, tgw_fedhas, uniq_robin
D:4:      nicolae_cairo_tiling_very_big, layout_basic,
          cheibrodos_ashenzari_chains, grunt_gozag_breadcrumbs,
          hangedman_decor_peaks_small

Skill      XL: |  1  2  3  4  5 |
---------------+----------------+-----
Earth Magic    | 4 5 |  5.4
Transmutations | 2 3 |  3.3
Spellcasting   | 3 |  3.9
Dodging        | 2 |  2.2
Fighting       | |  0.1
Stealth        | |  2.4

Action                     |  1- 3 |  4- 6 || total
---------------------------+-------+-------++-------
  Melee: Unarmed           |     5 |     9 ||    14
   Cast: Sandblast         |    46 |    62 ||   108
Ability: Shaft Self        |       |     1 ||     1
 Armour: Robe              |     9 |    88 ||    97
  Dodge: Dodged            |    11 |    98 ||   109

Table legend: (Time is in decaauts)
 A = Elapsed time spent in this place.
 B = Non-inter-level travel time spent in this place.
 C = Inter-level travel time spent in this place.
 D = Time resting spent in this place.
 E = Time spent auto-exploring this place.
 F = Levels seen in this place.
 G = Mean time per level.
                   A        B        C        D        E       F      G
               +--------+--------+--------+--------+--------+-----+--------+
         Total |   2174 |   2145 |     29 |    225 |   1422 |   4 |  543.5 |
       Dungeon |   2174 |   2145 |     29 |    225 |   1422 |   4 |  543.5 |
               +--------+--------+--------+--------+--------+-----+--------+

Top non-repeatable levels by time:
     D:2: 950 daAuts
     D:1: 624 daAuts
     D:3: 323 daAuts
     D:4: 276 daAuts
